 Dungeon Crawl Stone Soup version 0.21.0-3-g78d12a8bdd (webtiles) character file.

337 BatMobile the Sneak (level 6, -6/48 HPs)
             Began as a Formicid Enchanter on Jan 9, 2018.
             Was a Priest of Cheibriados.
             Mangled by an ice beast (12 damage)
             ... on level 6 of the Dungeon.
             The game lasted 00:17:31 (4857 turns).

BatMobile the Sneak (Formicid Enchanter)            Turns: 4857, Time: 00:17:31

Health: -6/48      AC:  5    Str: 21    XL:     6   Next: 85%
Magic:  9/9        EV: 16    Int: 22    God:    Cheibriados [***...]
Gold:   121        SH:  0    Dex: 18    Spells: 5/9 levels left

rFire    . . .     SeeInvis +   a - +1 dagger
rCold    . . .     Gourm    .   (no shield)
rNeg     . . .     Faith    .   r - +0 ring mail
rPois    .         Spirit   .   (helmet unavailable)
rElec    .         Reflect  .   (no cloak)
rCorr    .         Harm     .   (no gloves)
MR       .....                  (no boots)
Stlth    +.........             (no amulet)
HPRegen  0.16/turn              h - +4 ring of evasion (curse)
MPRegen  0.11/turn              (no ring)

@: confused, very slightly contaminated, very slow
A: permanent stasis, dig shafts and tunnels, four strong arms, antennae 3
a: Dig, Shaft Self, Bend Time, Temporal Distortion, Renounce Religion


You were on level 6 of the Dungeon.
You worshipped Cheibriados.
Cheibriados was most pleased with you.
You were not hungry.

You visited 1 branch of the dungeon, and saw 6 of its levels.

You collected 121 gold pieces.

Inventory:

Hand Weapons
 a - a +1 dagger (weapon)
 C - a +0 long sword
Armour
 r - a +0 ring mail (worn)
 v - a +0 shield
Jewellery
 b - an uncursed ring of protection from fire {unknown}
 h - a cursed +4 ring of evasion (left hand)
Wands
 p - a wand of iceblast (18)
 t - a wand of polymorph (15)
Scrolls
 e - a scroll of fear {unknown}
 f - a scroll of blinking {unknown}
 j - 2 scrolls of remove curse
 n - 4 scrolls of teleportation {unknown}
 o - a scroll of enchant armour {unknown}
 s - 4 scrolls of amnesia
 u - 2 scrolls of noise {unknown}
 w - a scroll of magic mapping
 y - a scroll of immolation {unknown}
 z - 4 scrolls of identify
 B - a scroll of enchant weapon {unknown}
Potions
 g - 2 potions of might {unknown}
 i - 3 potions of curing {unknown}
 k - 2 potions of flight {unknown}
 m - a potion of lignification {unknown}
 q - a potion of haste {unknown}
 x - a potion of degeneration {unknown}
 A - a potion of brilliance {unknown}
Books
 c - a book of Maledictions

   Spells                             Type                      Level
   a - Corona                         Hexes                        1
   b - Ensorcelled Hibernation        Hexes/Ice                    2
   c - Confuse                        Hexes                        3
   d - Tukima's Dance                 Hexes                        3
   e - Dazzling Spray                 Conjuration/Hexes            3
Comestibles
 d - 6 rations


   Skills:
 - Level 4.0 Fighting
 - Level 1.0 Short Blades
 * Level 2.3 Armour
 - Level 3.0 Dodging
 - Level 6.0 Stealth
 - Level 2.1 Spellcasting
 - Level 3.6 Hexes


You had 5 spell levels left.
You knew the following spells:

 Your Spells              Type           Power        Failure   Level  Hunger
a - Corona                Hex            ###....      4%          1    #......
b - Confuse               Hex            ###.....     14%         3    ###....


Dungeon Overview and Level Annotations

Branches:
Dungeon (6/15)             Temple (0/1) D:6

Altars:
Cheibriados
Nemelex Xobeh
Uskayaw

Shops:
D:4 =%

Annotations:
D:3 FortKnight's ghost, amateur HuAK
D:4 Eustachio
D:6 SpaceShip's ghost, novice FoEn


Innate Abilities, Weirdness & Mutations

You cannot be hasted, slowed, berserked, paralysed or teleported.
You can dig through walls and to a lower floor.
Your four strong arms can wield two-handed weapons with a shield.
You have a pair of large antennae on your head. (SInv)


Message History

The ice beast barely misses you. The centaur zombie misses you.
Found 13 gold pieces.
You hear the slow rusting of a drain nearby.
The centaur zombie barely misses you. The centaur zombie barely misses you.
You are confused.
You feel invigorated. The centaur zombie hits you.
The ice beast hits you but does no damage.
The centaur zombie closely misses you. The centaur zombie misses you.
The ice beast hits you. The ice beast freezes you!
You bump into the metal wall.
The orc warrior closely misses you. The centaur zombie closely misses you.
The ice beast hits you. The ice beast freezes you!
You die...

#.#..##o(##*,,**,,,,,**≈≈
#.....((.# *,***8,,,8***≈ **
####{##### *,* ******* ** ,*
#..o# *,******* ,** #...#
*,**,**,*** ,,* #.o.#
**,*,,,,,,,* *,**** #...#
*,,,,,,,,*,****
,,**,**####.o.#####.#*,,,,,,,,,,,
,,*,,,...?...ooZ@...#*,**,**,*,,,
<,,,,,.........Y....$...,,,,,,,,,
,,*,,,.........c....####*,****,,,
,,**,*#####...#####.#****>,,,,,,,
****** #...# *...,,,,*******
≈≈≈≈≈** #...# **###,,,,,*****
≈≈≈≈≈,* #...# *,,,,,*,,,,
****,,****#...* *,,,,,*,***
≈≈≈≈,,*,,,,,,,**** *,,,,,*,***


You could see an orc warrior, an ice beast, a centaur, 2 orcs and a centaur
zombie.

Vanquished Creatures
  A scorpion (D:4)
  A hound (D:4)
  An orc priest (D:3)
  An orc wizard (D:3)
  A worker ant (D:4)
  A gnoll (D:1)
  7 adders
  3 oozes
  3 worms
  2 dart slugs
  2 leopard geckos
  10 orcs
  A ball python (D:2)
  4 giant cockroaches
  7 goblins
  6 hobgoblins
  12 jackals
  10 bats
  4 frilled lizards
  6 kobolds
  6 rats
89 creatures vanquished.

Notes
Turn   | Place    | Note
-------+----------+-------------------------------------------
     0 | D:1      | BatMobile the Formicid Enchanter began the quest for the Orb.
     0 | D:1      | Reached XP level 1. HP: 13/13 MP: 3/3
    84 | D:1      | Reached skill level 1 in Fighting
   249 | D:1      | Reached XP level 2. HP: 8/21 MP: 3/5
   618 | D:1      | Reached XP level 3. HP: 20/28 MP: 3/6
   633 | D:1      | Learned a level 3 spell: Confuse
  1165 | D:2      | Found a faded altar of an unknown god.
  1174 | D:2      | Became a worshipper of Cheibriados the Contemplative
  1174 | D:2      | Reached * piety under Cheibriados
  1208 | D:2      | Reached skill level 4 in Stealth
  1208 | D:2      | Reached XP level 4. HP: 5/35 MP: 1/7
  1746 | D:2      | Reached ** piety under Cheibriados
  2020 | D:1      | Reached XP level 5. HP: 41/41 MP: 4/8
  2577 | D:3      | Reached skill level 5 in Stealth
  2745 | D:3      | Noticed FortKnight's ghost (amateur HuAK)
  3019 | D:3      | Found a sparkling altar of Nemelex Xobeh.
  3296 | D:4      | Found Mucanleo's Book Shoppe.
  3303 | D:4      | Found a hide-covered altar of Uskayaw.
  3332 | D:3      | Reached skill level 1 in Armour
  3332 | D:3      | Reached XP level 6. HP: 19/47 MP: 5/9
  3721 | D:4      | Reached *** piety under Cheibriados
  4039 | D:4      | Noticed an ogre
  4374 | D:4      | Noticed Eustachio
  4588 | D:4      | Found Arer's Jewellery Shop.
  4650 | D:4      | Reached skill level 6 in Stealth
  4687 | D:4      | Found Wuril's Food Boutique.
  4747 | D:5      | Entered Level 5 of the Dungeon
  4819 | D:6      | Noticed SpaceShip's ghost (novice FoEn)
  4826 | D:6      | Noticed an ice beast
  4841 | D:6      | Noticed an orc warrior
  4857 | D:6      | Mangled by an ice beast

Skill      XL: |  1  2  3  4  5  6 |
---------------+-------------------+-----
Fighting       | 1 2 3 4 |  4.0
Dodging        | 2 3 |  3.0
Stealth        | 4 5 6 |  6.0
Armour         | 1 2 |  2.3
Short Blades   | |  1.0
Spellcasting   | |  2.1
Hexes          | |  3.6

Action                   |  1- 3 |  4- 6 || total
-------------------------+-------+-------++-------
Melee: Dagger            |   158 |   323 ||   481
 Cast: Corona            |    32 |    34 ||    66
       Confuse           |     1 |    24 ||    25
 Abil: Dig               |     4 |     7 ||    11
Evoke: Wand              |       |     1 ||     1
  Use: Potion            |       |     2 ||     2
       Scroll            |       |     5 ||     5
 Stab: Sleeping          |     5 |     8 ||    13
       Confused          |       |     4 ||     4
  Eat: Chunk             |     2 |    10 ||    12
Armor: Robe              |    32 |     2 ||    34
       Ring mail         |       |    65 ||    65
Dodge: Dodged            |   149 |   296 ||   445
